 Dungeon Crawl Stone Soup version 0.28.0-53-g5a82cb258f (webtiles) character file.

Game seed: 16498442346411431581

1 reezoh the Vexing (level 1, 0/16 HPs)
             Began as a Hill Orc Wanderer on July 19, 2022.
             Slain by a goblin
             ... wielding a +0 club
              (2 damage)
             ... on level 1 of the Dungeon.
             The game lasted 00:04:55 (97 turns).

reezoh the Vexing (Hill Orc Wanderer)                 Turns: 97, Time: 00:04:56

Health: 0/16       AC:  3    Str: 12    XL:     1   Next: 20%
Magic:  1/2        EV: 11    Int: 12    God:
Gold:   0          SH:  0    Dex: 12    Spells: 1/2 levels left

rFire   . . .      SeeInvis .   a - +2 quarterstaff
rCold   . . .      Faith    .   (shield currently unavailable)
rNeg    . . .      Spirit   .   c - +0 robe
rPois   .          Reflect  .   (no helmet)
rElec   .          Harm     .   (no cloak)
rCorr   .          Rampage  .   (no gloves)
Will    .....                   b - +0 pair of boots
Stlth   +.........              (no amulet)
HPRegen 0.05/turn               (no ring)
MPRegen 0.08/turn               (no ring)

@: no status effects
A: no striking features
a: no special abilities


You were on level 1 of the Dungeon.
You visited 1 branch of the dungeon, and saw 1 of its levels.

Inventory:

Hand Weapons
 a - a +2 quarterstaff (weapon)
Armour
 b - a +0 pair of boots (worn)
 c - a +0 robe (worn)


   Skills:
 + Level 1.2 Fighting
 + Level 1.8 Staves
 + Level 1.1 Armour
 + Level 1.0 Dodging
 + Level 1.0 Spellcasting
 + Level 4.0 Hexes


You had one spell level left.
You knew the following spells:

 Your Spells              Type           Power      Damage    Failure   Level
a - Slow                  Hex            40%        N/A       6%          1

Your spell library contained the following spells:

 Spells                   Type           Power      Damage    Failure   Level
 Summon Guardian Golem    Hex/Summ       5%         N/A       36%         3


Dungeon Overview and Level Annotations

Branches:
Dungeon (1/15)

Altars:


Message History

The kobold throws a stone.
The stone hits you.
There are monsters nearby!
There are monsters nearby!
You start resting.
A kobold is nearby!
A kobold is nearby!
A kobold is nearby!
A kobold is nearby!
A kobold is nearby!
You sock the kobold!
You kill the kobold!
The kobold barely misses you.
You closely miss the kobold. The kobold hits you but does no damage.
You closely miss the kobold. The kobold hits you with a +0 dagger.
You barely miss the kobold. The kobold hits you with a +0 dagger.
The kobold closely misses you.
You hit the kobold.
You kill the kobold!
The goblin hits you with a +0 dagger.
* * * LOW HITPOINT WARNING * * *
As you read the scroll labelled DUPLUIM BATUSU, it crumbles to dust.
The creatures around you are filled with an inner flame!
It was a scroll of immolation.
You closely miss the goblin. The goblin hits you but does no damage.
Unknown command.
You are too injured to fight recklessly!
Casting: Slow (safe; 6% risk of failure)
Confirm with . or Enter, or press ? or * to list all spells.
Okay, then.
Casting: Slow (safe; 6% risk of failure)
Confirm with . or Enter, or press ? or * to list all spells.
Aiming: Slow (safe; 6% risk of failure)
Press: ? - help, Shift-Dir - straight line, f - goblin
Aim: a goblin, wielding a +0 club (inner flame, chance to affect: 66%)
The goblin struggles to resist.
The goblin hits you with a +0 club.
* * * LOW HITPOINT WARNING * * *
The goblin misses you.
There is an open door here.
You miss the goblin. The goblin hits you with a +0 club.
You die...

#.# #.# #.# #.#
#.#
#.##############
#)...........g.#
#)##########.#g#
#.# #.#@#######
###.#
#.'.'.....#
K...#
###.##+##.#
##### #.#.<.#.#
#.#...#.#
#.##'##.#
#.......#
#########


You could see 2 goblins.

Vanquished Creatures
  2 kobolds (D:1)
2 creatures vanquished.

Notes
Turn   | Place    | Note
-------+----------+-------------------------------------------
     0 | D:1      | reezoh the Hill Orc Wanderer began the quest for the Orb.
     0 | D:1      | reezoh set off with the following items: a +2 quarterstaff,
                  | a +0 pair of boots, a +0 robe; and the following spell
                  | memorised: Slow; and the following spells available to
                  | memorise: Summon Guardian Golem
     0 | D:1      | Reached XP level 1. HP: 16/16 MP: 2/2
    97 | D:1      | Slain by a goblin

Illustrated notes

Levels and vault maps discovered:
D:1:      ncdulo_smallfort, layout_loops_ring, minivault_26,
          serial_bayou_pond_a, minmay_split_cup_small

Action                   || total
-------------------------++-------
Melee: Quarterstaff      ||    10
 Cast: Slow              ||     1
  Use: Scroll            ||     1
Armor: Robe              ||     6
Dodge: Dodged            ||     4
